 Dungeon Crawl Stone Soup version 0.30-a0-365-ge7f957f1db (webtiles) character file.

Game seed: 11991690120510481974

40 Manisia the Sneak (level 3, 0/16 HPs)
             Began as a Spriggan Enchanter on Nov 16, 2022.
             Slain by a gnoll
             ... wielding a +0 spear
              (8 damage)
             ... on level 3 of the Dungeon.
             The game lasted 00:05:20 (1879 turns).

Manisia the Sneak (Spriggan Enchanter)              Turns: 1879, Time: 00:05:20

Health: 0/16       AC:  3    Str:  4    XL:     3   Next: 30%
Magic:  8/8        EV:  9    Int: 18    God:
Gold:   121        SH:  0    Dex: 15    Spells: 4/7 levels left

rFire   . . .      SeeInvis +    a - +1 dagger
rCold   . . .      Faith    .    (no shield)
rNeg    . . .      Spirit   .    b - +0 robe
rPois   .          Reflect  .    (helmet restricted)
rElec   .          Harm     .    i - +0 cloak
rCorr   .          Rampage  .    (gloves unavailable)
Will    .....                    (boots unavailable)
Stlth   +++.......               l - amulet of the acrobat
HPRegen 0.22/turn                (no ring)
MPRegen 0.11/turn                (no ring)

@: held, very quick
A: very small, no large weapons, unfitting armour, see invisible, speed 3
a: no special abilities


You were on level 3 of the Dungeon.
You visited 1 branch of the dungeon, and saw 3 of its levels.

You collected 121 gold pieces.

Inventory:

Hand Weapons
 a - a +1 dagger (weapon)
Armour
 b - a +0 robe (worn)
 i - a +0 cloak (worn)
Jewellery
 l - an amulet of the acrobat (around neck)
Scrolls
 j - a scroll of amnesia
Potions
 c - 2 potions of invisibility
 d - 2 potions of haste {unknown}
 e - a potion of heal wounds {unknown}
 f - a potion of curing {unknown}
 g - a potion of degeneration
 h - a potion of cancellation {unknown}


   Skills:
 + Level 1.1 Short Blades
 - Level 3.0 Dodging
 + Level 5.9 Stealth
 + Level 2.9 Spellcasting
 + Level 4.0 Hexes
 + Level 0.1 Ice Magic


You had 4 spell levels left.
You knew the following spells:

 Your Spells              Type           Power      Damage    Failure   Level
a - Ensorcelled Hibernat  Hex/Ice        20%        N/A       11%         2
b - Slow                  Hex            68%        N/A       3%          1

Your spell library contained the following spells:

 Spells                   Type           Power      Damage    Failure   Level
 Confusing Touch          Hex            17%        N/A       10%         3
 Tukima's Dance           Hex            17%        N/A       10%         3
 Magic Dart               Conj           8%         1d3       17%         1
 Shock                    Conj/Air       8%         1d3       17%         1
 Summon Small Mammal      Summ           8%         N/A       17%         1
 Dazzling Flash           Conj/Hex       18%        N/A       22%         3
 Call Imp                 Summ           2%         N/A       26%         2
 Mephitic Cloud           Conj/Pois/Air  2%         N/A       45%         3


Dungeon Overview and Level Annotations

Branches:
Dungeon (3/15)

Altars:


Innate Abilities, Weirdness & Mutations

You are very small and have problems with some larger weapons.
You are too small for most types of armour.
You have supernaturally acute eyesight. (SInv)
You cover ground extremely quickly. (Speed+++)


Message History

You kill the hobgoblin!
No target in view!
You see here a hobgoblin corpse.
There is an open door here.
A bat comes into view.
A bat is nearby!
A bat is nearby!
The helpless bat fails to defend itself.
You impale the bat!!
You kill the bat!
Done exploring.
Done exploring.
Done exploring.
No target in view!
As you read the scroll labelled DOAG LYPPYEDD, it crumbles to dust.
You assume a fearsome visage.
Nothing appears to happen.
It was a scroll of fear.
(D) Dungeon
Where to? (Enter - D:2, ? - help)
There is a stone staircase leading down here.
You climb downwards.
Found a quarterstaff and 10 gold pieces.
There is a stone staircase leading up here.
There are monsters nearby!
There are monsters nearby!
The helpless gnoll fails to defend itself.
You impale the gnoll!!
You kill the gnoll!
The gnoll shouts! x3
You hit the gnoll.
The gnoll is lightly wounded.
The gnoll barely misses you.
The gnoll throws a throwing net.
The throwing net hits you.
You become entangled in the net!
A dart slug comes into view.
You struggle against the net.
The gnoll hits you with a +0 spear!
Ouch! That really hurt!
The gnoll completely misses you.
You tear a large gash into the net.
The gnoll hits you with a +0 spear!
Ouch! That really hurt!
You die...

...#
...
..#
.w#
#g#
#g#
#)#
#@#
#g#
..#
..##
.#)
.$#.
..
#.
#.
#.


You could see 3 gnolls and a dart slug.

Vanquished Creatures
  A gnoll (D:3)
  A dart slug (D:1)
  4 ball pythons
  6 bats
  An endoplasm (D:1)
  4 giant cockroaches
  A goblin (D:2)
  2 hobgoblins (D:2)
  A quokka (D:2)
  2 frilled lizards (D:2)
  2 kobolds
  3 rats
28 creatures vanquished.

Notes
Turn   | Place    | Note
-------+----------+-------------------------------------------
     0 | D:1      | Manisia the Spriggan Enchanter began the quest for the Orb.
     0 | D:1      | Reached XP level 1. HP: 9/9 MP: 5/5
   230 | D:1      | Reached skill level 5 in Stealth
   305 | D:1      | Reached XP level 2. HP: 7/13 MP: 6/6
   308 | D:1      | Learned a level 2 spell: Ensorcelled Hibernation
  1445 | D:2      | Got A Beginning Course on Spellweaving
  1448 | D:2      | Learned a level 1 spell: Slow
  1745 | D:2      | Reached XP level 3. HP: 16/16 MP: 8/8
  1879 | D:3      | Slain by a gnoll

Illustrated notes

Levels and vault maps discovered:
D:1:      minmay_arrival_nine_rooms, layout_basic, serial_park_tiny_1,
          minmay_worlds_worst_comb
D:2:      layout_basic
D:3:      layout_loops_cross, mainiacjoe_overflow_tiny_flanked,
          ebering_ecumenical_altar_rust, minmay_large_rounded_square,
          amcnicky_mini_pool_small

Skill      XL: |  1  2 |
---------------+-------+-----
Stealth        | 5 |  5.9
Dodging        | 3 |  3.0
Hexes          | 4 |  4.0
Short Blades   | |  1.1
Spellcasting   | |  2.9
Ice Magic      | |  0.1

Action                   || total
-------------------------++-------
Melee: Dagger            ||    72
       Punch             ||     1
 Cast: Ensorcelled Hiber ||    12
  Use: Scroll            ||     5
 Stab: Sleeping          ||    17
Armor: Robe              ||    17
Dodge: Dodged            ||    77

Table legend: (Time is in decaauts)
 A = Elapsed time spent in this place.
 B = Non-inter-level travel time spent in this place.
 C = Inter-level travel time spent in this place.
 D = Time resting spent in this place.
 E = Time spent auto-exploring this place.
 F = Levels seen in this place.
 G = Mean time per level.
                   A        B        C        D        E       F      G
               +--------+--------+--------+--------+--------+-----+--------+
         Total |   1287 |   1272 |     15 |      0 |   1060 |   3 |  429.0 |
       Dungeon |   1287 |   1272 |     15 |      0 |   1060 |   3 |  429.0 |
               +--------+--------+--------+--------+--------+-----+--------+

Top non-repeatable levels by time:
     D:1: 812 daAuts
     D:2: 470 daAuts
     D:3: 3 daAuts
